 Dungeon Crawl Stone Soup version 0.29.0-4-gdea44cf6ec (webtiles) character file.

Game seed: 5280647200671044487

20 qw the Firebug (level 2, 0/23 HPs)
             Began as a Ghoul Fire Elementalist on Aug 29, 2022.
             Frozen to death by an endoplasm (2 damage)
             ... on level 2 of the Dungeon.
             The game lasted 00:01:01 (1865 turns).

qw the Firebug (Ghoul Fire Elementalist)            Turns: 1865, Time: 00:01:01

Health: 0/23       AC:  3    Str: 11    XL:     2   Next: 79%
Magic:  3/3        EV: 11    Int: 10    God:
Gold:   88         SH:  0    Dex:  9    Spells: 3/4 levels left

rFire   . . .      SeeInvis .     - Unarmed
rCold   + . .      Faith    .   (no shield)
rNeg    + + +      Spirit   .   h - +0 leather armour
rPois   inf        Reflect  .   (no helmet)
rElec   .          Harm     .   (no cloak)
rCorr   .          Rampage  .   (no gloves)
Will    .....                   (no boots)
Stlth   +.........              (no amulet)
HPRegen 0.00/turn               (no ring)
MPRegen 0.08/turn               (no ring)

@: inhibited regen
A: claws 1, cold resistance 1, negative energy resistance 3, inhibited
regeneration, torment resistance 2, devour on kill
a: no special abilities


You were on level 2 of the Dungeon.
You visited 1 branch of the dungeon, and saw 2 of its levels.

You collected 88 gold pieces.


Innate Abilities, Weirdness & Mutations

You are immune to poison.
You have sharp fingernails.
Your flesh is cold resistant. (rC+)
You are immune to negative energy. (rN+++)
You do not regenerate when monsters are visible.
You are immune to unholy pain and torment.
You thrive by killing the living.


   Skills:
 - Level 1.3 Fighting
 - Level 1.7 Dodging
 - Level 2.1 Stealth
 + Level 2.0 Unarmed Combat
 - Level 1.7 Spellcasting
 - Level 0.7 Conjurations
 - Level 2.4 Fire Magic


You had 3 spell levels left.
You knew the following spells:

 Your Spells              Type           Power      Damage    Failure   Level
a - Foxfire               Conj/Fire      16%        2x1d4     22%         1

Your spell library contained the following spells:

 Spells                   Type           Power      Damage    Failure   Level
 Scorch                   Fire           10%        2d6       24%         2
 Conjure Flame            Conj/Fire      4%         6-21      54%         3
 Inner Flame              Hex/Fire       3%         N/A       61%         3
 Flame Wave               Conj/Fire      4%         2d5       91%         4

Inventory:

Armour
 h - a +0 leather armour (worn)
Potions
 a - a potion of cancellation {unknown}
 b - a potion of lignification {unknown}
 e - a potion of invisibility {unknown}
 g - a potion of attraction {unknown}
 i - a potion of curing {unknown}

Dungeon Overview and Level Annotations

Branches:
Dungeon (2/15)

Altars:


Message History

You closely miss the jackal.
The jackal bites you but does no damage. x2
The jackal completely misses you.
You scratch the jackal but do no damage.
The jackal bites you but does no damage. x4
The jackal barely misses you. The jackal misses you.
The jackal closely misses you. x2
You scratch the jackal but do no damage.
The jackal bites you. The jackal closely misses you. The jackal misses you.
The jackal closely misses you. The endoplasm misses you.
You closely miss the jackal. The jackal closely misses you.
The jackal barely misses you. The jackal bites you.
The jackal bites you but does no damage.
The endoplasm hits you. The jackal barely misses you.
You closely miss the jackal. The jackal misses you.
The jackal bites you but does no damage.
The jackal closely misses you. x2; The jackal misses you.
The jackal closely misses you.
The jackal bites you but does no damage.
You barely miss the jackal. The endoplasm completely misses you.
The jackal bites you but does no damage. x2
The jackal barely misses you. The jackal closely misses you.
You closely miss the jackal.
The jackal misses you. x2; The endoplasm closely misses you.
The jackal bites you but does no damage.
The jackal bites you.
You closely miss the jackal. The jackal barely misses you. x2
The jackal bites you but does no damage.
The jackal bites you. The endoplasm closely misses you.
The jackal barely misses you. The jackal closely misses you.
The jackal bites you.
The jackal bites you but does no damage.
You barely miss the jackal. The endoplasm freezes you.
You are frozen.
You resist.
You die...

++### #........#
#..........# .....
##.....##.....## .hh.#
###......##......## ....
##.......##.......## ...
#........##....h@J.# ..#
#.......# ##...hhh.# ..#
#......# #8#......##..#
'..##### #####..'%..#
'..##############..'........
#......#8##8#......#######.#
#.......####.......#
#........##........#
##.......##.......##


You could see an endoplasm and 4 jackals.

Vanquished Creatures
  A dart slug (D:1)
  2 endoplasms
  2 giant cockroaches
  2 goblins
  3 hobgoblins (D:1)
  A jackal (D:2)
  A ball python (D:1)
  2 bats (D:1)
  2 rats
16 creatures vanquished.

Vanquished Creatures (others)
  3 fungi (D:1)
3 creatures vanquished.

Grand Total: 19 creatures vanquished

Notes
Turn   | Place    | Note
-------+----------+-------------------------------------------
     0 | D:1      | qw the Ghoul Fire Elementalist began the quest for the Orb.
     0 | D:1      | Reached XP level 1. HP: 14/14 MP: 2/2
     0 | D:1      | 0 ||| qw: Version: 0.1-a-90-g952f4b7
     0 | D:1      | 0 ||| qw: Game counter: 3784
     0 | D:1      | 0 ||| qw: Always use a shield: true
     0 | D:1      | 0 ||| qw: God list: Okawaru
     0 | D:1      | 0 ||| qw: Allow faded altars: false
     0 | D:1      | 0 ||| qw: Do Orc after D:15 true
     0 | D:1      | 0 ||| qw: Do second Lair branch before Depths: true
     0 | D:1      | 0 ||| qw: Lair rune preference: random
     0 | D:1      | 0 ||| qw: Plans: Normal
     0 | D:1      | 0 ||| PLANNING D:1-11
     1 | D:1      | Noticed an electric eel
     5 | D:1      | 5 ||| DROPPING potion of magic.
     6 | D:1      | 6 ||| Stepping randomly (stuck).
   160 | D:1      | Reached skill level 1 in Unarmed Combat
   280 | D:1      | 280 ||| Stepping ~*~*~tactically~*~*~ (hiding).
   382 | D:1      | 382 ||| Stepping ~*~*~tactically~*~*~ (hiding).
   484 | D:1      | 484 ||| Stepping ~*~*~tactically~*~*~ (hiding).
   586 | D:1      | 586 ||| Stepping ~*~*~tactically~*~*~ (hiding).
   688 | D:1      | 688 ||| Stepping ~*~*~tactically~*~*~ (hiding).
   790 | D:1      | 790 ||| Stepping ~*~*~tactically~*~*~ (hiding).
   892 | D:1      | 892 ||| Stepping ~*~*~tactically~*~*~ (hiding).
   914 | D:1      | Reached skill level 1 in Fighting
   914 | D:1      | Reached XP level 2. HP: 19/23 MP: 3/3
   971 | D:1      | Found a faded altar of an unknown god.
  1244 | D:1      | 1244 ||| Stepping ~*~*~tactically~*~*~ (outnumbered).
  1657 | D:1      | 1657 ||| UPGRADING to +0 leather armour.
  1667 | D:1      | 1667 ||| DROPPING +0 robe.
  1668 | D:1      | 1668 ||| READING scroll labelled HEILLEOGAE.
  1669 | D:1      | 1669 ||| READING 2 scrolls labelled IDEAGR OLI TODE.
  1670 | D:1      | 1670 ||| READING scroll labelled YPHOIHATTUA.
  1671 | D:1      | 1671 ||| DROPPING scroll of vulnerability.
  1840 | D:2      | 1840 ||| Stepping ~*~*~tactically~*~*~ (stealth).
  1850 | D:2      | 1850 ||| Stepping ~*~*~tactically~*~*~ (outnumbered).
  1851 | D:2      | 1851 ||| Stepping ~*~*~tactically~*~*~ (outnumbered).
  1854 | D:2      | 1854 ||| Stepping ~*~*~tactically~*~*~ (outnumbered).
  1855 | D:2      | 1855 ||| Stepping ~*~*~tactically~*~*~ (outnumbered).
  1863 | D:2      | HP: 4/23 [jackal (3)]
  1865 | D:2      | Frozen to death by an endoplasm

Levels and vault maps discovered:
D:1:      arrival_aquarium_a, layout_basic,
          shapermc_ecumenical_altar_mp_urbaneastern
D:2:      layout_basic, serial_park_tiny_pond, kennysheep_cross_room

Skill      XL: |  1  2 |
---------------+-------+-----
Unarmed Combat | 1 2 |  2.0
Fighting       | 1 |  1.3
Dodging        | |  1.7
Stealth        | |  2.1
Spellcasting   | |  1.7
Conjurations   | |  0.7
Fire Magic     | |  2.4

Action                   || total
-------------------------++-------
Melee: Unarmed           ||    71
  Use: Scroll            ||     3
Armor: Robe              ||     7
       Leather armour    ||    23
Dodge: Dodged            ||    71

Table legend:
 A = Non-vault XP
 B = Vault XP
 C = Vault XP percentage of total XP
 D = Non-vault monster count
 E = Vault monster count
 F = Vault count percentage of total count
                 A         B        C        D         E       F
            +---------+---------+-------+---------+---------+-------
      Total |      29 |       0 |   0.0 |      16 |       0 |   0.0
            +---------+---------+-------+---------+---------+-------
        D:1 |      20 |       0 |   0.0 |      11 |       0 |   0.0
        D:2 |       9 |       0 |   0.0 |       5 |       0 |   0.0
            +---------+---------+-------+---------+---------+-------
